 Dungeon Crawl Stone Soup version 0.24.0-123-gd5b16e6ec5 (webtiles) character file.

Game seed: 6583962682219702313, levelgen mode: deterministic

3369 Elellon the Cleaver (level 10, -16/84 HPs)
             Began as a Hill Orc Fighter on Jan 22, 2020.
             Was a Believer of Okawaru.
             Demolished by a two-headed ogre
             ... wielding a +0 giant club
              (22 damage)
             ... on level 8 of the Dungeon.
             The game lasted 00:11:30 (8323 turns).

Elellon the Cleaver (Hill Orc Fighter)              Turns: 8323, Time: 00:11:30

Health: -16/84     AC: 11    Str: 28    XL:     10   Next: 3%
Magic:  10/10      EV: 11    Int:  8    God:    Okawaru [**....]
Gold:   272        SH:  6    Dex: 10    Spells: 9/9 levels left

rFire    . . .     SeeInvis .   a - +0 war axe
rCold    . . .     Gourm    .   t - +1 buckler {rPois}
rNeg     . . .     Faith    .   s - +0 steam dragon scales
rPois    +         Spirit   .   q - +0 hat
rElec    .         Reflect  .   w - +0 cloak {rPois}
rCorr    .         Harm     .   e - +0 pair of gloves
MR       .....                  u - +1 pair of boots
Stlth    ++........             (no amulet)
HPRegen  0.24/turn              y - ring of flight
MPRegen  0.12/turn              D - ring of stealth

@: mighty, lethally poisoned (-16 -> -25)
A: no striking features
a: Heroism, Renounce Religion, Evoke Flight


You were on level 8 of the Dungeon.
You worshipped Okawaru.
Okawaru was pleased with you.
You were not hungry.

You visited 2 branches of the dungeon, and saw 9 of its levels.
You also visited: Sewer.

You collected 272 gold pieces.

Inventory:

Hand Weapons
 a - a +0 war axe (weapon)
Armour
 b - a +0 scale mail
 c - a +0 shield
 e - a +0 pair of gloves (worn)
 q - a +0 hat (worn)
 s - +0 steam dragon scales (worn)
 t - a +1 buckler of poison resistance (worn)
 u - a +1 pair of boots (worn)
 w - a +0 cloak of poison resistance (worn)
Jewellery
 y - a ring of flight (left hand)
 D - a ring of stealth (right hand)
Wands
 v - a wand of polymorph (7)
 A - a wand of flame (26)
 J - a wand of random effects (12)
Scrolls
 g - 3 scrolls of teleportation
 h - a scroll of fear {unknown}
 i - 2 scrolls of magic mapping {unknown}
 k - a scroll of remove curse
 m - 2 scrolls of amnesia {unknown}
 n - 3 scrolls of identify
 z - 2 scrolls of fog {unknown}
 G - a scroll of blinking {unknown}
 H - a scroll of immolation {unknown}
Potions
 d - 2 potions of might
 j - 7 potions of curing {unknown}
 l - a potion of resistance
 o - 2 potions of agility
 p - a potion of degeneration {unknown}
 r - 6 potions of heal wounds {unknown}
 x - 3 potions of flight {unknown}
 B - a potion of haste {unknown}
 C - a potion of cancellation {unknown}
 F - 3 potions of brilliance {unknown}
 I - a potion of ambrosia {unknown}
 K - a potion of berserk rage {unknown}
Comestibles
 f - 5 rations
 E - 4 chunks of flesh


   Skills:
 + Level 6.8 Fighting
 * Level 14.0 Axes
 + Level 6.1 Armour
 + Level 6.1 Shields


You had 9 spell levels left.
You didn't know any spells.
Your spell library was empty.

Dungeon Overview and Level Annotations

Branches:
Dungeon (8/15)             Temple (1/1) D:6           Sewer (visited)
   Lair: D:8-11

Altars:
Ashenzari
Cheibriados
Dithmenos
Elyvilon
Fedhas
Gozag
Hepliaklqana
Kikubaaqudgha
Makhleb
Okawaru
Ru
Trog
Vehumet
Wu Jian
Xom
Yredelemnul
Zin


Message History

You slash the queen bee!
The queen bee is almost dead.
You hit the two-headed ogre.
You feel sick. The two-headed ogre misses you.
The two-headed ogre closely misses you.
The queen bee stings you but does no damage.
You barely miss the queen bee.
The queen bee is almost dead.
You hit the two-headed ogre.
You feel sick. The queen bee stings you!
* * * LOW HITPOINT WARNING * * *
The two-headed ogre barely misses you. x2
You barely miss the queen bee.
The queen bee is almost dead.
You slash the two-headed ogre!
* * * LOW HITPOINT WARNING * * *
You feel sick.
You feel very mighty all of a sudden.
* * * LOW HITPOINT WARNING * * *
You feel sick. The queen bee barely misses you.
The two-headed ogre hits you with a +0 giant club!!
You die... .....## ..... ..... yyy yyy

#s# #y# #@#
##O##
######..)## #
..........# .#
#####..†.## ...
#.#.## ....
..###.#.##....>
#......(.......
#####.#.##.....


You could see a two-headed ogre, a queen bee, a scorpion and 6 killer bees.

Vanquished Creatures
  Joseph (D:7)
  Grinder (D:6)
  A hippogriff (D:2)
  A steam dragon (D:7)
  Menkaure (D:4)
  Edmund (D:4)
  2 ice beasts (D:5)
  2 phantoms
  4 ogres
  A centaur (D:8)
  2 big kobolds (Sewer)
  4 bullfrogs
  A scorpion (D:8)
  4 killer bees (D:8)
  A crimson imp (D:6)
  A hound (D:5)
  A bullfrog skeleton (D:4)
  3 orc priests (D:8)
  Crazy Yiuf (D:3)
  Terence (D:3)
  3 iguanas
  Natasha (thrice) (D:4)
  3 orc wizards
  4 worker ants
  A hound zombie (D:6)
  A hound skeleton (D:4)
  4 worker ant zombies
  8 adders
  3 gnolls (D:5)
  4 shadow imps
  5 oozes
  3 adder skeletons
  8 worms
  5 dart slugs
  4 leopard geckos
  8 orcs
  6 ball pythons
  4 giant cockroaches
  3 hobgoblins
  14 jackals
  18 kobolds
  3 quokkas
  A ball python skeleton (D:5)
  A bat (D:3)
  4 frilled lizards
  8 goblins
  2 quokka skeletons
  11 rats
  A plant (D:6)
177 creatures vanquished.

Notes
Turn   | Place    | Note
-------+----------+-------------------------------------------
     0 | D:1      | Elellon the Hill Orc Fighter began the quest for the Orb.
     0 | D:1      | Reached XP level 1. HP: 19/19 MP: 1/1
    62 | D:1      | Reached skill level 3 in Axes
   120 | D:1      | Reached XP level 2. HP: 26/26 MP: 2/2
   326 | D:1      | Reached skill level 4 in Axes
   778 | D:2      | Reached XP level 3. HP: 30/31 MP: 3/3
   851 | D:2      | Reached skill level 5 in Axes
   876 | D:2      | HP: 2/46 [poisoned by an adder]
  1389 | D:2      | Noticed a hippogriff
  1402 | D:2      | Killed a hippogriff
  1402 | D:2      | Reached skill level 7 in Axes
  1402 | D:2      | Reached XP level 4. HP: 8/39 MP: 4/4
  1402 | D:2      | Reached XP level 5. HP: 9/45 MP: 5/5
  1692 | D:2      | Reached skill level 8 in Axes
  1692 | D:2      | Reached XP level 6. HP: 51/51 MP: 6/6
  2882 | D:3      | Found a blossoming altar of Fedhas.
  2929 | D:3      | Noticed Terence
  2943 | D:3      | Killed Terence
  2979 | D:3      | Reached skill level 9 in Axes
  3041 | D:3      | Found a runed translucent door.
  3042 | D:3      | Noticed Crazy Yiuf
  3049 | D:3      | Killed Crazy Yiuf
  3152 | D:4      | Noticed Edmund
  3181 | D:4      | Killed Edmund
  3181 | D:4      | Reached skill level 10 in Axes
  3181 | D:4      | Reached XP level 7. HP: 20/57 MP: 7/7
  3560 | D:4      | Noticed Natasha
  3566 | D:4      | Killed Natasha
  3595 | D:4      | Noticed Natasha
  3603 | D:4      | Killed Natasha
  3632 | D:4      | Reached skill level 11 in Axes
  3676 | D:4      | Found a glowing silver altar of Zin.
  3690 | D:4      | Noticed Menkaure
  3696 | D:4      | Killed Menkaure
  3696 | D:4      | Reached XP level 8. HP: 44/64 MP: 8/8
  3913 | D:4      | Noticed Natasha
  3920 | D:4      | Killed Natasha
  3954 | D:5      | Entered Level 5 of the Dungeon
  4060 | D:5      | Found an ancient bone altar of Kikubaaqudgha.
  4364 | D:5      | Reached skill level 12 in Axes
  4591 | D:5      | Found a bloodstained altar of Trog.
  5084 | D:6      | Noticed Grinder
  5091 | D:6      | Paralysed by Grinder for 2 turns
  5104 | D:6      | Killed Grinder
  5104 | D:6      | Reached skill level 5 in Fighting
  5297 | D:6      | Found a staircase to the Ecumenical Temple.
  5312 | Temple   | Entered the Ecumenical Temple
  5335 | Temple   | Became a worshipper of Warmaster Okawaru
  5488 | D:6      | Found a glowing drain.
  5492 | Sewer    | Entered a sewer
  5508 | Sewer    | Reached XP level 9. HP: 74/74 MP: 9/9
  6780 | D:7      | Reached skill level 13 in Axes
  6780 | D:7      | Reached skill level 5 in Armour
  6780 | D:7      | Reached skill level 5 in Shields
  6922 | D:7      | Noticed Joseph
  6940 | D:7      | Killed Joseph
  6940 | D:7      | Reached * piety under Okawaru
  8293 | D:8      | Reached ** piety under Okawaru
  8293 | D:8      | Noticed a two-headed ogre
  8295 | D:8      | Noticed a queen bee
  8299 | D:8      | Reached XP level 10. HP: 47/84 MP: 10/10
  8308 | D:8      | Reached skill level 14 in Axes
  8323 | D:8      | Demolished by a two-headed ogre

Levels and vault maps discovered:
D:1:      lightli_arrival_statue_moat, layout_loops_cross, minmay_unequal
D:2:      layout_basic, serial_rivers, chequers_serial_rivers_large_b,
          chequers_serial_rivers_small_b, chequers_serial_rivers_room_b,
          chequers_serial_rivers_small_3, chequers_serial_rivers_micro_b,
          chequers_serial_rivers_room_b, minmay_pentomino_r4
D:3:      layout_loops_ring, first_ration, fedhas_altar_1, uniq_terence,
          uniq_crazy_yiuf_cottage
D:4:      layout_cave_pools, serial_rivers, chequers_serial_rivers_marsh,
          chequers_serial_rivers_micro_e, chequers_serial_rivers_marsh,
          chequers_serial_rivers_micro_e, lemuel_tele_altar, uniq_menkaure,
          uniq_natasha, uniq_edmund
D:5:      layout_loops_ring, lemuel_round_altar, basic_altar
D:6:      layout_layer_cave, minmay_temple_entry_overgrown,
          gup_sewer_entry_spiral, uniq_grinder
D:7:      layout_loops_ring, uniq_joseph
D:8:      layout_loops_corners, serial_shops, shop_statue, david_nohive_1,
          uniq_harold
Temple:   grunt_wide_crystal_templ

Skill      XL: |  1  2  3  4  5  6  7  8  9 10 |
---------------+-------------------------------+-----
Axes           | 3 4 7 8 10 11 12 13 14 | 14.0
Fighting       | 5 6 |  6.8
Armour         | 4 6 |  6.1
Shields        | 4 6 |  6.1

Action                   |  1- 3 |  4- 6 |  7- 9 | 10-12 || total
-------------------------+-------+-------+-------+-------++-------
Melee: War axe           |    99 |   138 |   435 |    21 ||   693
  Use: Potion            |     1 |       |       |     1 ||     2
       Scroll            |       |       |     5 |       ||     5
 Stab: Distracted        |       |       |     1 |       ||     1
       Sleeping          |       |       |     1 |       ||     1
  Eat: Chunk             |     2 |     2 |    17 |       ||    21
       Ration            |       |     1 |       |       ||     1
Armor: Scale mail        |    41 |    51 |   133 |       ||   225
       Steam dragon scal |       |       |    11 |     5 ||    16
Dodge: Dodged            |    30 |    37 |   123 |    11 ||   201
Block: Shield            |    52 |    27 |       |       ||    79
       Buckler           |       |    15 |    79 |     3 ||    97
